 Dungeon Crawl Stone Soup version 0.22-a0-515-g75794bf (webtiles) character file.

88 Amnesiac the Ducker (level 4, -3/23 HPs)
             Began as a Spriggan Berserker on June 19, 2018.
             Was an Initiate of Gozag.
             Slain by a black bear (5 damage)
             ... created by the rage of Trog
             ... on level 2 of the Dungeon.
             The game lasted 00:05:18 (1809 turns).

Amnesiac the Ducker (Spriggan Berserker)            Turns: 1809, Time: 00:05:18

Health: -3/23      AC:  2    Str: 19    XL:     4   Next: 30%
Magic:  5/5        EV: 25    Int:  8    God:    Gozag
Gold:   250        SH:  0    Dex: 20    Spells: 3/3 levels left

rFire    + . .     SeeInvis +   a - +2 short sword (speed)
rCold    + . .     Gourm    .   (shield restricted)
rNeg     . . .     Faith    .   b - +0 animal skin
rPois    +         Spirit   .   (helmet restricted)
rElec    +         Reflect  .   (no cloak)
rCorr    +         Harm     .   (gloves unavailable)
MR       .....                  (boots unavailable)
Stlth    ++++......             (no amulet)
HPRegen  0.07/turn              (no ring)
MPRegen  0.09/turn              (no ring)

@: mighty, agile, resistant, gold aura, very slightly contaminated, slowed,
invisible, quick
A: very small, unfitting armour, see invisible, herbivore, speed 3, slow
metabolism 2
a: Potion Petition, Call Merchant, Bribe Branch, Renounce Religion


You were on level 2 of the Dungeon.
You worshipped Gozag.
Gozag was aware of your devotion.
You were not hungry.

You visited 1 branch of the dungeon, and saw 3 of its levels.

You collected 297 gold pieces.
You paid 47 gold pieces to Gozag.

Inventory:

Hand Weapons
 a - a +2 short sword of speed (weapon)
 g - a +1 hunting sling
 o - a +0 short sword
Missiles
 h - 14 poisoned needles
 i - 58 stones (quivered)
Armour
 b - a +0 animal skin (worn)
 m - a +0 cloak
Scrolls
 d - a scroll of remove curse {!r}
 e - a scroll of enchant weapon {!r}
 f - a scroll of identify {!r}
Potions
 j - a potion of haste {!q, unknown}
 k - a potion of brilliance {!q, unknown}
 l - a potion of invisibility {!q, unknown}
 n - 2 potions of lignification {!q}
Comestibles
 c - 5 rations


   Skills:
 - Level 2.4 Fighting
 - Level 4.0 Short Blades
 * Level 2.6 Slings
 - Level 4.4 Dodging
 - Level 4.0 Stealth


You had 3 spell levels left.
You didn't know any spells.
Your spell library contained the following spells:

 Spells                   Type           Power        Failure   Level  Hunger
 Bolt of Cold             Conj/Ice       #.........   100%        6    #######
 Freezing Cloud           Conj/Ice/Air   #.........   100%        6    #######
 Ozocubu's Refrigeration  Ice            #.........   100%        6    #######
 Ice Form                 Ice/Tmut       #.......     99%         4    #####..
 Metabolic Englaciation   Hex/Ice        #.........   100%        5    ######.
 Simulacrum               Ice/Necr       #.........   100%        6    #######


Dungeon Overview and Level Annotations

Branches:
Dungeon (3/15)

Altars:
Dithmenos
Gozag
Ru
The Shining One

Shops:
D:2 *


Innate Abilities, Weirdness & Mutations

You are very small and have problems with some larger weapons.
You are too small for most types of armour.
You have supernaturally acute eyesight. (SInv)
You are a herbivore.
You cover ground extremely quickly.
You need to consume almost no food.


Message History

You feel yourself slow down.
You open the door.
There is an open door here.
The jackal is too close now for your liking.
A jackal is nearby!
The jackal barks!
The jackal bites you.
You miss the jackal. You hit the jackal.
The jackal is heavily wounded.
The jackal misses you.
You hit the jackal.
The jackal is heavily wounded.
The jackal closely misses you.
You hit the jackal.
You kill the jackal!
Trog sends monsters to punish you. 2 polar bears and 3 black bears come into view.
You see here 4 gold pieces.
Really read
f - 2 scrolls labeled ZYUMNA SURAGOA {!r}?
As you read the scroll labeled ZYUMNA SURAGOA {!r}, it crumbles to dust.
It is a scroll of identify.
n - 2 potions of lignification {!q}
Okay, then.
Okay, then.
Okay, then.
Okay, then.
Okay, then.
Okay, then.
Okay, then. [a] - 0 gold - invisibility and agility [b] - 0 gold - heal wounds, curing and magic [c] - 0 gold - might, agility, resistance and invisibility Purchase which effect?
You feel very mighty all of a sudden.
You feel agile all of a sudden.
You feel protected.
You fade into invisibility!
The black bear bites you. The black bear closely misses you.
The black bear misses you. The black bear completely misses you.
The black bear misses you. x2; The polar bear barely misses you.
The polar bear completely misses you. The polar bear closely misses you.
The black bear barely misses you. The black bear misses you.
The black bear completely misses you.
You hear an angry growl.
You are very lightly contaminated with residual magic.
You hit the black bear.
The black bear is lightly wounded.
The polar bear closely misses you. The polar bear completely misses you.
The polar bear claws you.
* * * LOW HITPOINT WARNING * * *
The black bear rages.
The black bear misses you. The black bear claws you.
* * * LOW HITPOINT WARNING * * *
The black bear claws you.
* * * LOW HITPOINT WARNING * * *
The black bear misses you.
The black bear completely misses you. x2
The black bear closely misses you. The black bear completely misses you.
The black bear barely misses you. The black bear misses you.
The black bear completely misses you. The black bear closely misses you.
The polar bear completely misses you. The polar bear misses you.
The polar bear completely misses you.
The polar bear completely misses you. x3; The black bear completely misses you. x2
The black bear claws you.
You die...
Your body crumbles into a pile of gold.

#.#.##.##......#..........###
#.........##...........h[.'..
###..#..#.##.####..#......###
###.#.#..#.##.####..#......# #
#...#.#..#.........###.....# #
##.#.#.##.####.##..##.##....#
#......##.####.#..##...##...# #
###.#####.#...hhh..##.....##..###
..........#####h@.##.......##...#
###.#####.#...h.###...._....###..
#.# #.....#...##.......##...# #.#
#.#####.#..##.....##..### #.# #.#
#.##..#'...##..## ### #.#
#.###..##.##..## #.# #.#
##..###..## #.#####.#####..#..##
#..............#.##


You could see 2 polar bears and 3 black bears.

Vanquished Creatures
  A worker ant (D:3)
  An adder (D:1)
  2 oozes (D:2)
  A worm (D:2)
  2 dart slugs (D:1)
  A leopard gecko (D:1)
  3 giant cockroaches
  3 hobgoblins
  3 jackals
  A quokka (D:2)
  2 bats
  3 frilled lizards (D:1)
  4 goblins
  7 kobolds
  6 rats
40 creatures vanquished.

Notes
Turn   | Place    | Note
-------+----------+-------------------------------------------
     0 | D:1      | Amnesiac the Spriggan Berserker began the quest for the Orb.
     0 | D:1      | Reached XP level 1. HP: 11/11 MP: 2/2
    31 | D:1      | Reached skill level 1 in Stealth
    91 | D:1      | Reached XP level 2. HP: 13/16 MP: 3/3
   545 | D:1      | Reached XP level 3. HP: 18/19 MP: 4/4
   820 | D:2      | Found Gozag's Platinum Reserve.
   839 | D:2      | Found an opulent altar of Gozag.
   850 | D:2      | Fell from the grace of Trog
   850 | D:2      | Became a worshipper of Gozag Ym Sagoz the Greedy
   889 | D:2      | Found a glowing golden altar of the Shining One.
   965 | D:2      | Noticed a polar bear
   965 | D:2      | Noticed a polar bear
   965 | D:2      | Noticed a black bear
   965 | D:2      | Noticed a black bear
  1201 | D:2      | Found a sacrificial altar of Ru.
  1202 | D:2      | Found a shadowy altar of Dithmenos.
  1262 | D:2      | Reached skill level 1 in Slings
  1411 | D:3      | Reached XP level 4. HP: 23/23 MP: 5/5
  1805 | D:2      | Noticed a black bear
  1805 | D:2      | Noticed a black bear
  1805 | D:2      | Noticed a polar bear
  1805 | D:2      | Noticed a black bear
  1805 | D:2      | Noticed a polar bear
  1809 | D:2      | Slain by a black bear

Vault maps used:
D:1:      lightli_arrival_statue_moat, st_stairs_8
D:2:      tso_metal_star, minitemple, nicolae_gozag_zags_fifth_avenue
D:3:      nicolae_qazlal_eye_of_the_storm, grunt_temple_overflow_diamond,
          gammafunk_ghost_grave, grunt_decor_arrowhead

Skill      XL: |  1  2  3 |
---------------+----------+-----
Stealth        | 2 4 |  4.0
Short Blades   | 4 |  4.0
Slings         | 2 |  2.6
Fighting       | |  2.4
Dodging        | |  4.4

Action                   |  1- 3 |  4- 6 || total
-------------------------+-------+-------++-------
Melee: Short sword       |   108 |    10 ||   118
Invok: Berserk           |     1 |       ||     1
       Potion Petition   |       |     1 ||     1
  Use: Scroll            |     2 |     1 ||     3
 Stab: Sleeping          |     7 |     2 ||     9
Armor: Animal skin       |    15 |     2 ||    17
Dodge: Dodged            |   109 |    43 ||   152

Table legend:
 A = Spawn XP
 B = Non-spawn XP
 C = Spawn XP percentage of total XP
 D = Spawn monster count
 E = Non-spawn monster count
 F = Spawn count percentage of total count
 G = Total turns spent on level
                    A         B        C        D         E        F      G
               +---------+---------+-------+---------+---------+-------+---------
         Total |       0 |     127 |   0.0 |       0 |      40 |   0.0 |  1809
               +---------+---------+-------+---------+---------+-------+---------
           D:1 |       0 |      45 |   0.0 |       0 |      20 |   0.0 |   784
           D:2 |       0 |      42 |   0.0 |       0 |      17 |   0.0 |   871
           D:3 |       0 |      40 |   0.0 |       0 |       3 |   0.0 |   154
               +---------+---------+-------+---------+---------+-------+---------
